 Dungeon Crawl Stone Soup version 0.29.0-13-gc9e81de378 (webtiles) character file.

Game seed: 13922130534534271831

29140 Persephone the Bludgeoner (level 13, -10/128 HPs)
             Began as a Minotaur Berserker on Sept 7, 2022.
             Was an Elder of Trog.
             Mangled by a very large slime creature (31 damage)
             ... on level 12 of the Dungeon.
             The game lasted 00:28:57 (12335 turns).

Persephone the Bludgeoner (Minotaur Berserker)     Turns: 12335, Time: 00:28:58

Health: -10/128    AC: 33    Str: 26    XL:     13   Next: 13%
Magic:  22/22      EV:  7    Int:  9    God:    Trog [****..]
Gold:   1066       SH:  0    Dex: 11    Spells: 12/12 levels left

rFire   . . .      SeeInvis .   H - +0 morningstar (vorpal)
rCold   . . .      Faith    .   (no shield)
rNeg    + . .      Spirit   .   m - +1 crystal plate armour
rPois   +          Reflect  .   N - +3 hat of Pondering {ponderous, Will+ MP+10 Int+5}
rElec   .          Harm     .   (no cloak)
rCorr   .          Rampage  .   w - +0 pair of gloves
Will    +++..                   q - +2 pair of boots
Stlth   ..........              Q - amulet of regeneration
HPRegen 2.11/turn               i - ring of poison resistance
MPRegen 0.18/turn               O - ring of positive energy

@: strong-willed (expiring), on berserk cooldown, regenerating (expiring),
slowed, very slow
A: horns 2, retaliatory headbutt
a: Renounce Religion, Berserk, Trog's Hand, Brothers in Arms


You were on level 12 of the Dungeon.
You worshipped Trog.
Trog was greatly pleased with you.
You visited 1 branch of the dungeon, and saw 13 of its levels.
You visited the Abyss 1 time.
You also visited: Gauntlet.

You collected 1066 gold pieces.

Inventory:

Hand Weapons
 k - a +0 dire flail
 H - a +0 vorpal morningstar (weapon)
 K - a +0 whip of electrocution
 R - a +1 demon whip of flaming
Missiles
 J - a throwing net
Armour
 m - a +1 crystal plate armour (worn)
 q - a +2 pair of boots (worn)
 w - a +0 pair of gloves (worn)
 N - the +3 hat of Pondering (worn) {ponderous, Will+ MP+10 Int+5}
   (You took it off Gastronok on level 10 of the Dungeon)

   Int:       It affects your intelligence (+5).
   MP:        It affects your magic capacity (+10).
   Will:      It increases your willpower.
Jewellery
 a - a ring of protection from fire
 i - a ring of poison resistance (left hand)
 n - an amulet of reflection
 O - a ring of positive energy (right hand)
 Q - an amulet of regeneration (around neck)
Wands
 y - a wand of digging (8)
 C - a wand of charming (7)
 E - a wand of polymorph (4)
 I - a wand of flame (12)
 M - a wand of roots (1)
 P - a wand of light (2)
Scrolls
 b - a scroll of summoning
 e - 3 scrolls of fog
 h - 3 scrolls of enchant armour
 j - a scroll of fear
 p - a scroll of teleportation
 u - 4 scrolls of enchant weapon
 v - 4 scrolls of poison
 L - a scroll of brand weapon
Potions
 c - a potion of heal wounds
 d - 3 potions of berserk rage
 f - 3 potions of lignification
 g - 2 potions of flight
 l - a potion of attraction
 o - 3 potions of curing
 r - 7 potions of invisibility
 s - 2 potions of cancellation
 t - 2 potions of brilliance
 x - 2 potions of resistance {unknown}
 z - 2 potions of might {unknown}
 A - 3 potions of haste
 B - a potion of ambrosia {unknown}
 D - 4 potions of degeneration
 G - 3 potions of mutation


   Skills:
 + Level 15.7 Fighting
 - Level 16.0 Maces & Flails
 + Level 15.4 Armour
 - Level 2.2 Dodging


You had 12 spell levels left.
You didn't know any spells.
Your spell library was empty.

Dungeon Overview and Level Annotations

Branches:
Dungeon (13/15)            Temple (0/1) D:5            Lair (0/5) D:8
Gauntlet (visited)
    Orc: D:9-12      Vaults: D:13-14

Altars:
Cheibriados
Trog
Xom

Shops:
D:4 [   D:7 [   D:8 **

Portals:
Trove: D:11 (show abyssal rune of Zot)


Innate Abilities, Weirdness & Mutations

You have a pair of horns on your head.
You reflexively headbutt those who attack you in melee.


Message History

The slime creature hits you!
The skeletal warrior closely misses you.
The very large slime creature is engulfed in blazing flames.
The skeletal warrior barely misses you. The slime creature hits you!
The skeletal warrior barely misses you.
The very large slime creature is engulfed in blazing flames.
The skeletal warrior attacks as you move away!
The skeletal warrior hits you but does no damage.
You feel the effects of Trog's Hand fading.
The fire elemental hits you.
The very large slime creature is engulfed in blazing flames.
The gnoll sergeant hits you from afar with a +3 spear of flaming!
The gnoll sergeant burns you.
The skeletal warrior hits you with a +0 mace!
* * * LOW HITPOINT WARNING * * *
The slime creature closely misses you. You furiously retaliate!
You headbutt the slime creature.
The very large slime creature is engulfed in blazing flames.
The fire elemental hits you. The fire elemental burns you!
* * * LOW HITPOINT WARNING * * *
The skeletal warrior attacks as you move away!
The skeletal warrior hits you with a +0 mace!
* * * LOW HITPOINT WARNING * * *
The sentinel's mark upon you fades away.
The skeletal warrior hits you but does no damage.
The fire elemental hits you. The fire elemental burns you!
* * * LOW HITPOINT WARNING * * *
The slime creature hits you!
* * * LOW HITPOINT WARNING * * *
You feel much better.
The fire elemental disappears in a puff of smoke! x2
The skeletal warrior hits you with a +0 mace.
* * * LOW HITPOINT WARNING * * *
The slime creature hits you but does no damage.
The very large slime creature is engulfed in blazing flames.
The skeletal warrior attacks as you move away!
The skeletal warrior hits you but does no damage.
The very large slime creature attacks as you move away!
The very large slime creature hits you!!
You die...

..##.....##### #..#...........
......[........ ..
.........####.# ...
##............## ..#
.........###...### ##.#
####.....).##....####...#
#####....#.##.J.§..# #
###.(<...@J°..############ # ###
##...[.#zz..°..°°○☼g...#
###....<..........#g#######°eol..
....# #####..........z( #☼○.g..
##### #......###.##.###E.°... #
#.......# .. ....☼e°.go ##
#...^.#...### ##.☼○o○.# .#
#########.#####...○°).# .####
###...............°..#


You could see 3 skeletal warriors, a very large slime creature, a slime creature
and a gnoll sergeant.

Vanquished Creatures
  A profane servitor (Abyss:3)
  A tentacled starspawn (Abyss:3)
  Gastronok (D:10)
  A minotaur (Gauntlet)
  A dire elephant (Abyss:3)
  A hydra (D:11)
  2 boulder beetles
  A death knight (Abyss:3)
  A two-headed ogre (D:9)
  Erica (D:9)
  Urug (D:10)
  A sun demon (Abyss:3)
  A soul eater (Gauntlet)
  A wretched star (Abyss:3)
  A sixfirhy (Gauntlet)
  A flayed ghost (Abyss:3)
  2 manticores (D:12)
  2 ugly things
  3 cyclopes
  Joseph (D:10)
  A smoke demon (Gauntlet)
  A hellion (Gauntlet)
  A gargoyle (D:10)
  Psyche (D:12)
  2 freezing wraiths (Abyss:3)
  2 komodo dragons
  An ancient zyme (Abyss:3)
  Grinder (D:3)
  A troll (D:10)
  2 raiju (Abyss:3)
  3 slime creatures (D:12)
  3 hornets (D:10)
  Sigmund (D:3)
  4 wyverns
  2 wraiths
  2 vampires
  A small abomination (Abyss:3)
  3 fire bats (Abyss:3)
  A basilisk (D:8)
  4 yaks
  Grum (D:11)
  4 vampire mosquitoes (D:13)
  An acid dragon (D:12)
  4 water moccasins
  7 orc warriors
  2 starcursed masses (Abyss:3)
  2 black bears (D:8)
  2 sky beasts
  5 wolves
  15 centaurs
  7 ogres
  2 phantoms
  A necrophage (D:8)
  A gnoll sergeant (D:5)
  4 kobold brigands
  8 bullfrogs
  2 scorpions
  5 wights (D:8)
  5 killer bees
  3 jellies
  6 orc priests
  6 gnoll boudas
  7 iguanas
  7 orc wizards
  Natasha (thrice) (D:3)
  27 gnolls
  9 adders
  5 shadow imps
  2 white imps
  4 ufetubi
  2 dart slugs
  43 orcs
  9 endoplasms
  2 giant cockroaches
  14 goblins
  6 hobgoblins
  15 jackals
  2 quokkas
  5 ball pythons
  5 bats (D:1)
  2 frilled lizards
  22 kobolds
  5 rats
351 creatures vanquished.

Vanquished Creatures (others)
  A small abomination (Abyss:3)
  An orc (D:12)
  A kobold (D:9)
  6 fungi
  12 plants
  9 starspawn tentacles (Abyss:3)
30 creatures vanquished.

Grand Total: 381 creatures vanquished

Notes
Turn   | Place    | Note
-------+----------+-------------------------------------------
     0 | D:1      | Persephone the Minotaur Berserker began the quest for the
                  | Orb.
     0 | D:1      | Reached XP level 1. HP: 19/19 MP: 0/0
   250 | D:1      | Reached skill level 4 in Maces & Flails
   253 | D:1      | Reached XP level 2. HP: 27/27 MP: 1/1
   266 | D:1      | Found a faded altar of an unknown god.
   388 | D:1      | Reached ** piety under Trog
   390 | D:1      | Reached XP level 3. HP: 30/33 MP: 2/2
   424 | D:1      | Reached skill level 5 in Maces & Flails
   835 | D:2      | Reached XP level 4. HP: 33/40 MP: 3/3
   916 | D:2      | Reached skill level 6 in Maces & Flails
  1182 | D:2      | Found a bloodstained altar of Trog.
  1608 | D:3      | Noticed Grinder
  1614 | D:3      | Killed Grinder
  1615 | D:3      | Reached skill level 8 in Maces & Flails
  1615 | D:3      | Reached XP level 5. HP: 46/46 MP: 4/4
  1615 | D:3      | Reached XP level 6. HP: 52/52 MP: 5/5
  1890 | D:3      | Reached *** piety under Trog
  2038 | D:3      | Noticed Sigmund
  2052 | D:3      | Killed Sigmund
  2053 | D:3      | Reached skill level 9 in Maces & Flails
  2053 | D:3      | Reached XP level 7. HP: 58/58 MP: 6/6
  2239 | D:3      | Noticed Natasha
  2243 | D:3      | Killed Natasha
  2244 | D:3      | Reached skill level 10 in Maces & Flails
  2369 | D:3      | Noticed Natasha
  2380 | D:3      | Killed Natasha
  2426 | D:3      | Noticed Natasha
  2439 | D:3      | Killed Natasha
  2467 | D:4      | Found Tec Kumm's Armour Shop.
  2793 | D:4      | Found a snail-covered altar of Cheibriados.
  2794 | D:4      | Found a shimmering altar of Xom.
  3047 | D:5      | Entered Level 5 of the Dungeon
  3059 | D:5      | Reached skill level 11 in Maces & Flails
  3177 | D:5      | Reached XP level 8. HP: 66/66 MP: 7/7
  3468 | D:5      | Found a bloodstained altar of Trog.
  3612 | D:5      | Reached skill level 12 in Maces & Flails
  3997 | D:5      | Found a staircase to the Ecumenical Temple.
  4290 | D:6      | Reached skill level 13 in Maces & Flails
  4401 | D:6      | Reached **** piety under Trog
  4534 | D:6      | Reached skill level 14 in Maces & Flails
  4813 | D:7      | Reached XP level 9. HP: 71/71 MP: 8/8
  4863 | D:7      | Reached skill level 5 in Fighting
  4993 | D:7      | Reached skill level 5 in Armour
  5123 | D:7      | Found a snail-covered altar of Cheibriados.
  5127 | D:7      | Found Cheibriados's Comfort Zone.
  5801 | D:8      | Found Tichiuc's Specific Store.
  5807 | D:8      | Found Niahoina's General Store.
  6472 | D:8      | Reached XP level 10. HP: 82/88 MP: 9/9
  7258 | D:8      | Found a staircase to the Lair.
  7468 | D:9      | Reached ***** piety under Trog
  8037 | D:9      | Noticed Erica
  8059 | D:9      | Killed Erica
  8060 | D:9      | Reached skill level 10 in Fighting
  8214 | D:9      | Noticed a two-headed ogre
  8221 | D:9      | Killed a two-headed ogre
  8222 | D:9      | Reached skill level 10 in Armour
  8756 | D:9      | Reached XP level 11. HP: 101/101 MP: 10/10
  8827 | D:10     | Entered Level 10 of the Dungeon
  8902 | D:10     | Noticed Joseph
  8916 | D:10     | Killed Joseph
  8917 | D:10     | Reached skill level 15 in Maces & Flails
  8996 | D:10     | Noticed Urug
  9012 | D:10     | Killed Urug
  9583 | D:10     | Noticed Gastronok
  9595 | D:10     | Killed Gastronok
 10215 | D:11     | Noticed a five-headed hydra
 10219 | D:11     | Killed a five-headed hydra
 10236 | D:11     | Noticed Grum
 10243 | D:11     | Killed Grum
 10463 | D:11     | Found a gate leading to a gauntlet.
 10466 | D:11     | Noticed a cyan ugly thing
 10472 | Gauntlet | Entered a Gauntlet
 10472 | Gauntlet | Found a transporter.
 10472 | Gauntlet | Found a transporter.
 10473 | Gauntlet | Noticed a soul eater
 10478 | Gauntlet | Noticed a shining eye
 10490 | Gauntlet | Found a transporter.
 10494 | Gauntlet | Found a transporter.
 10499 | Gauntlet | Noticed a sixfirhy
 10505 | Gauntlet | Found a transporter.
 10506 | Gauntlet | Found a transporter.
 10508 | Gauntlet | Noticed a blizzard demon
 10510 | Gauntlet | Found a runed translucent door.
 10510 | Gauntlet | Found a runed translucent door.
 10514 | Gauntlet | Found a transporter.
 10531 | Gauntlet | Found a transporter.
 10545 | Gauntlet | Found a transporter.
 10549 | Gauntlet | Found a transporter.
 10557 | Gauntlet | Found a transporter.
 10561 | Gauntlet | Found a transporter.
 10613 | Gauntlet | Killed a soul eater
 10614 | Gauntlet | Reached skill level 16 in Maces & Flails
 10686 | Gauntlet | Killed a sixfirhy
 10929 | Gauntlet | Noticed a minotaur
 10937 | Gauntlet | Killed a minotaur
 10938 | Gauntlet | Reached XP level 12. HP: 88/113 MP: 11/11
 11112 | D:11     | Found a portal to a secret trove of treasure.
 11292 | D:11     | Noticed a boulder beetle
 11299 | D:11     | Killed a boulder beetle
 11476 | D:12     | Noticed Psyche
 11483 | D:12     | Killed Psyche
 11537 | D:12     | Noticed a boulder beetle
 11548 | D:12     | Killed a boulder beetle
 11604 | Abyss:3  | Cast into level 3 of the Abyss (skeletal warrior)
 11643 | Abyss:3  | Noticed a death knight
 11657 | Abyss:3  | Killed a death knight
 11691 | Abyss:3  | Noticed a dire elephant
 11702 | Abyss:3  | Killed a dire elephant
 11835 | Abyss:3  | Noticed a profane servitor
 11852 | Abyss:3  | Killed a profane servitor
 11853 | Abyss:3  | Reached skill level 15 in Fighting
 11853 | Abyss:3  | Noticed a tentacled starspawn
 11870 | Abyss:3  | Found a corrupted altar of Lugonu.
 11880 | Abyss:3  | Noticed a tentacled starspawn
 11900 | Abyss:3  | Noticed a starcursed mass
 11924 | Abyss:3  | Killed a tentacled starspawn
 11938 | Abyss:3  | Reached skill level 15 in Armour
 11938 | Abyss:3  | Reached XP level 13. HP: 76/127 MP: 12/12
 11940 | D:12     | Escaped the Abyss
 12333 | D:12     | HP: 5/128 [slime creature (8)]
 12335 | D:12     | Mangled by a very large slime creature

Illustrated notes

Levels and vault maps discovered:
D:1:      dpeg_arrival_three_bigger_balls, layout_loops_ring,
          ebering_ecumenical_altar_sacrificial, st_stairs_14,
          minmay_pentomino_o4
D:2:      layout_basic, basic_altar, minmay_cut_off
D:3:      layout_basic, minmay_ogre_servants, uniq_natasha, uniq_sigmund,
          uniq_grinder
D:4:      layout_rooms, mainiacjoe_overflow_divided_tiny, serial_shops, shop,
          eino_small_chamber_without_monster
D:5:      layout_layer_cave, lemuel_round_altar, minmay_temple_entry_nine_rooms
D:6:      layout_rooms, minmay_misc_feat_rows, grunt_ministairs_8,
          nicolae_lava_and_water
D:7:      layout_basic, minmay_shop_chei, minivault_10
D:8:      layout_gridville, minmay_lair_entry_grove, dreamdust_wishing_well,
          nicolae_specific_store
D:9:      kennysheep_seaside_town, layout_irregular_city, minivault_26,
          grunt_ogre_cave, uniq_erica
D:10:     layout_roguey [special_room_orc], lightli_fourway_metalbox,
          uniq_joseph, uniq_gastronok, uniq_urug
D:11:     layout_cave_pools, nicolae_trove_entry_crossroad,
          gauntlet_entry_generic, uniq_grum
D:12:     layout_rooms, kennysheep_orc_monster_closet_entryway, minivault_5,
          uniq_psyche
D:13:     layout_roguey, kennysheep_just_a_vault

Skill      XL: |  1  2  3  4  5  6  7  8  9 10 11 12 |
---------------+-------------------------------------+-----
Maces & Flails | 4 5 8 9 11 14 16 | 16.0
Fighting       | 4 8 10 12 15 | 15.7
Armour         | 3 7 10 12 15 | 15.4
Dodging        | |  2.2

Action                   |  1- 3 |  4- 6 |  7- 9 | 10-12 | 13-15 || total
-------------------------+-------+-------+-------+-------+-------++-------
Melee: Mace              |    61 |    90 |   137 |       |       ||   288
       Headbutt          |     7 |    14 |    70 |   111 |    18 ||   220
       Flail             |       |       |   157 |   161 |       ||   318
       Dire flail        |       |       |   105 |    43 |       ||   148
       Whip              |       |       |       |   145 |       ||   145
       Punch             |       |       |       |     9 |       ||     9
       Morningstar       |       |       |       |   219 |    69 ||   288
Invok: Berserk           |       |     2 |     6 |    21 |     2 ||    31
       Trog's Hand       |       |       |     7 |    14 |     2 ||    23
  Use: Scroll            |       |       |    10 |    11 |     3 ||    24
       Potion            |       |       |     1 |     2 |     3 ||     6
Armor: Animal skin       |     5 |       |       |       |       ||     5
       Ring mail         |    29 |       |       |       |       ||    29
       Crystal plate arm |       |    61 |   377 |   378 |   121 ||   937
Dodge: Dodged            |    65 |    14 |    95 |   116 |    45 ||   335
Block: Other             |       |     9 |    69 |   104 |       ||   182
       Kite shield       |       |       |   105 |       |       ||   105
       Reflection        |       |       |     1 |     8 |       ||     9
